 Dungeon Crawl Stone Soup version 0.24-a0-250-g6074511 (webtiles) character file.

Game seed: 8301173905206093140

561 Gunnerkreig the Conjurer (level 7, -1/43 HPs)
             Began as an Octopode Wizard on Apr 15, 2019.
             Slain by Duvessa
             ... wielding a +1 short sword of freezing
              (3 damage)
             ... on level 4 of the Dungeon.
             The game lasted 00:12:12 (5051 turns).

Gunnerkreig the Conjurer (Octopode Wizard)          Turns: 5051, Time: 00:12:12

Health: -1/43      AC:  1    Str:  6    XL:     7   Next: 31%
Magic:  4/11       EV: 13    Int: 23    God:
Gold:   264        SH:  0    Dex: 10    Spells: 3/12 levels left

rFire    . . .     SeeInvis .   h - +0 falchion
rCold    . . .     Gourm    .   (no shield)
rNeg     . . .     Faith    .   a - +0 hat
rPois    .         Spirit   .   (no amulet)
rElec    .         Reflect  .   (no ring)
rCorr    .         Harm     .   (no ring)
MR       .....                  (no ring)
Stlth    ++........             (no ring)
HPRegen  0.14/turn              (no ring)
MPRegen  0.12/turn              (no ring)
                                (no ring)
                                (no ring)

@: glowing
A: almost no armour, stealthy swim, amphibious, 8 rings, constrict 8, camouflage
1, gelatinous body 1
a: no special abilities


You were on level 4 of the Dungeon.
You were hungry.

You visited 1 branch of the dungeon, and saw 4 of its levels.

You collected 264 gold pieces.

Inventory:

Hand Weapons
 g - a +0 short sword
 h - a +0 falchion (weapon)
Missiles
 e - 150 stones (quivered)
Armour
 a - a +0 hat (worn)
Jewellery
 i - an uncursed ring of fire
Wands
 j - a wand of digging (3)
Scrolls
 l - a scroll of amnesia
 m - 2 scrolls of remove curse
Potions
 b - 3 potions of curing {unknown}
 d - a potion of brilliance {unknown}
 f - 2 potions of cancellation {unknown}
 k - a potion of flight {unknown}
 n - a potion of lignification {unknown}
Comestibles
 c - 7 rations


   Skills:
 + Level 1.2 Fighting
 - Level 2.0 Dodging
 - Level 5.0 Stealth
 + Level 3.3 Spellcasting
 - Level 5.4 Conjurations
 + Level 1.8 Summonings
   Level 1.0 Translocations
 + Level 1.2 Fire Magic
 * Level 2.2 Air Magic
 - Level 1.0 Poison Magic


You had 3 spell levels left.
You knew the following spells:

 Your Spells              Type           Power        Failure   Level  Hunger
a - Magic Dart            Conj           ####         1%          1    None
b - Conjure Flame         Conj/Fire      ###.....     9%          3    ###....
c - Mephitic Cloud        Conj/Pois/Air  ###.....     11%         3    ###....
w - Call Imp              Summ           ##......     9%          2    ##.....

Your spell library contained the following spells:

 Spells                   Type           Power        Failure   Level  Hunger
 Blink                    Tloc           N/A          11%         2    ##.....
 Slow                     Hex            #.......     17%         2    ##.....


Dungeon Overview and Level Annotations

Branches:
Dungeon (4/15)
 Temple: D:4-7

Altars:
Ashenzari
Fedhas
Hepliaklqana
Qazlal
Ru
Sif Muna
Wu Jian
Zin

Annotations:
D:4 ghost with ogres, Duvessa; NotJohn128's ghost, amateur DrFE


Innate Abilities, Weirdness & Mutations

You cannot wear most types of armour.
You are very stealthy in the water. (Stealth+)
You are amphibious.
You can wear up to eight rings at the same time.
You can use your tentacles to constrict eight enemies at once.
Your skin changes colour to match your surroundings (Stealth+).
Your rubbery body absorbs attacks. (AC +1, EV +1)


Message History

Duvessa freezes you.
Casting: Magic Dart (safe; 1% risk of failure)
Confirm with . or Enter, or press ? or * to list all spells.
Okay, then.
Okay, then.
Casting: Magic Dart (safe; 1% risk of failure)
Confirm with . or Enter, or press ? or * to list all spells.
You don't know that spell.
Casting: Magic Dart (safe; 1% risk of failure)
Confirm with . or Enter, or press ? or * to list all spells.
Okay, then.
Casting: Magic Dart (safe; 1% risk of failure)
Confirm with . or Enter, or press ? or * to list all spells.
A beastly little devil appears in a puff of flame.
Duvessa hits you with a +1 short sword of freezing!
* * * LOW HITPOINT WARNING * * *
Duvessa freezes you.
* * * LOW HITPOINT WARNING * * *
Duvessa hits you with a +1 short sword of freezing.
You die...

#..##...##......#...........
#..#######......#...........
#..##...##..##..#...........
#..#....##..##..#..)........
#..#.........'e.#.......##..
#..##........#..#.......##..
#..##...######..#.......#...
#.......##..##..#.......#...
#.......#..@e...#.......#...
#.......#5..#...#.......#...
#..##.####.###...#..#..#####
#..##.####.###.#########
#......รท....#...#
#...........#...#
#...........#...#
#...........#...#
#..##......##..##


You could see Duvessa (berserk) and a friendly crimson imp.

Vanquished Creatures
  2 ogres (D:3)
  Dowan (D:4)
  2 orc priests
  Jessica (D:2)
  Natasha (thrice) (D:2)
  A worker ant (D:4)
  4 adders
  A worm (D:2)
  An adder skeleton (D:4)
  3 dart slugs
  5 leopard geckos
  16 orcs
  5 giant cockroaches
  5 goblins
  11 hobgoblins
  7 jackals (D:2)
  12 kobolds
  2 quokkas
  2 ball pythons (D:2)
  5 bats
  2 frilled lizards
  10 rats
101 creatures vanquished.

Notes
Turn   | Place    | Note
-------+----------+-------------------------------------------
     0 | D:1      | Gunnerkreig the Octopode Wizard began the quest for the
                  | Orb.
     0 | D:1      | Reached XP level 1. HP: 11/11 MP: 4/4
   314 | D:1      | Reached XP level 2. HP: 17/17 MP: 0/6
  1176 | D:1      | Reached XP level 3. HP: 21/21 MP: 1/7
  1478 | D:2      | Found a stormy altar of Qazlal.
  1479 | D:2      | Found a hazy altar of Hepliaklqana.
  1479 | D:2      | Found a blossoming altar of Fedhas.
  1480 | D:2      | Found an ornate altar of the Wu Jian Council.
  1515 | D:2      | Found a deep blue altar of Sif Muna.
  1557 | D:2      | Noticed Natasha
  1563 | D:2      | Killed Natasha
  1563 | D:2      | Reached XP level 4. HP: 15/27 MP: 3/8
  1708 | D:2      | Noticed Jessica
  1711 | D:2      | Killed Jessica
  1716 | D:2      | Reached skill level 5 in Stealth
  2178 | D:2      | Reached XP level 5. HP: 31/31 MP: 4/9
  2489 | D:2      | Noticed Natasha
  2494 | D:2      | Killed Natasha
  2588 | D:2      | Noticed Natasha
  2593 | D:2      | Killed Natasha
  2638 | D:3      | Found a shattered altar of Ashenzari.
  2756 | D:3      | Noticed an ogre
  2783 | D:2      | Learned a level 3 spell: Conjure Flame
  2787 | D:2      | Learned a level 3 spell: Mephitic Cloud
  2790 | D:2      | Learned a level 2 spell: Call Imp
  3185 | D:3      | Killed an ogre
  3185 | D:3      | Reached skill level 5 in Conjurations
  3185 | D:3      | Reached XP level 6. HP: 36/36 MP: 3/10
  3663 | D:3      | Found a sacrificial altar of Ru.
  3841 | D:3      | Found a faded altar of an unknown god.
  4175 | D:4      | Reached skill level 1 in Air Magic
  4175 | D:4      | Reached skill level 1 in Poison Magic
  4317 | D:4      | Noticed Duvessa
  4328 | D:4      | Noticed Dowan
  4442 | D:3      | Reached XP level 7. HP: 28/42 MP: 3/11
  4661 | D:4      | Reached skill level 1 in Fighting
  4661 | D:4      | Reached skill level 1 in Fire Magic
  4869 | D:4      | Found a glowing silver altar of Zin.
  4902 | D:4      | Noticed NotJohn128's ghost (amateur DrFE)
  4903 | D:4      | Found a transporter.
  4910 | D:4      | Found a transporter.
  5050 | D:4      | Killed Dowan
  5051 | D:4      | HP: 2/43 [Duvessa/+1 short sword of freezing (5)]
  5051 | D:4      | Slain by Duvessa

Levels and vault maps discovered:
D:1:      dpeg_arrival_arbitrary_c, layout_basic
D:2:      layout_basic, chequers_temple_overflow_statue_of_worship,
          lemuel_doored_altar, first_ration, uniq_jessica, uniq_natasha
D:3:      layout_basic, ashenzari_conservatory_becter, marbit_many_paths,
          chequers_ecumenical_altar_lobes
D:4:      layout_gridville, kennysheep_little_box, gammafunk_ghost_smash,
          uniq_duvessa

Skill      XL: |  1  2  3  4  5  6  7 |
---------------+----------------------+-----
Stealth        | 3 4 5 |  5.0
Conjurations   | 2 3 5 |  5.4
Air Magic      | 1 2 |  2.2
Poison Magic   | 1 |  1.0
Fighting       | 1 |  1.2
Fire Magic     | 1 |  1.2
Dodging        | |  2.0
Spellcasting   | |  3.3
Summonings     | |  1.8
Translocations | |  1.0

Action                   |  1- 3 |  4- 6 |  7- 9 || total
-------------------------+-------+-------+-------++-------
Melee: Unarmed           |    25 |       |       ||    25
       Constrict         |     8 |    13 |     1 ||    22
       Tentacles         |     2 |     8 |     1 ||    11
       Short sword       |     3 |    52 |       ||    55
       Falchion          |       |     6 |    10 ||    16
Throw: Stone             |       |     1 |       ||     1
 Cast: Magic Dart        |    60 |   130 |    19 ||   209
       Mephitic Cloud    |       |     4 |     1 ||     5
       Conjure Flame     |       |     2 |     2 ||     4
       Call Imp          |       |       |     1 ||     1
  Use: Scroll            |       |     6 |       ||     6
 Stab: Confused          |       |     2 |       ||     2
  Eat: Chunk             |     2 |     6 |     1 ||     9
       Ration            |       |     1 |       ||     1
Armor: Skin              |     1 |     3 |     3 ||     7
Dodge: Dodged            |    23 |    26 |     6 ||    55
       Rpst.: Falchion   |       |     2 |     3 ||     5

Table legend:
 A = Non-vault XP
 B = Vault XP
 C = Vault XP percentage of total XP
 D = Non-vault monster count
 E = Vault monster count
 F = Vault count percentage of total count
                 A         B        C        D         E       F
            +---------+---------+-------+---------+---------+-------
      Total |     659 |     143 |  17.8 |      97 |       4 |   4.0
            +---------+---------+-------+---------+---------+-------
        D:1 |      44 |       0 |   0.0 |      25 |       0 |   0.0
        D:2 |     127 |      73 |  36.5 |      25 |       2 |   7.4
        D:3 |     360 |       1 |   0.3 |      34 |       1 |   2.9
        D:4 |     128 |      69 |  35.0 |      13 |       1 |   7.1
            +---------+---------+-------+---------+---------+-------
